 Dungeon Crawl Stone Soup version 0.29.1-15-g9cfb28693d (webtiles) character file.

Game seed: 6391658915095312092

2 hawla the Caller (level 1, -2/14 HPs)
             Began as a Meteoran Summoner on Apr 6, 2023.
             Slain by a hobgoblin (3 damage)
             ... on level 1 of the Dungeon.
             The game lasted 00:00:27 (39 turns).

hawla the Caller (Meteoran Summoner)                  Turns: 39, Time: 00:00:28

Health: -2/14      AC:  2    Str:  9    XL:     1   Next: 57%
Magic:  2/5        EV: 12    Int: 16    God:
Gold:   0          SH:  0    Dex: 14    Spells: 4/5 levels left

rFire   . . .      SeeInvis .   (no weapon)
rCold   . . .      Faith    .   (no shield)
rNeg    . . .      Spirit   .   a - +0 robe
rPois   .          Reflect  .   (no helmet)
rElec   .          Harm     .   (no cloak)
rCorr   .          Rampage  .   (no gloves)
Will    .....                   (no boots)
Stlth   +.........              (no amulet)
HPRegen 0.04/turn               (no ring)
MPRegen 0.09/turn               (no ring)

@: very slightly contaminated, glowing
A: sense surroundings 1, otherworldly, glowing, explore regen
a: no special abilities


You were on level 1 of the Dungeon.
You visited 1 branch of the dungeon, and saw 1 of its levels.

Inventory:

Armour
 a - a +0 robe (worn)
Potions
 b - a potion of magic
 c - a potion of curing {unknown}


   Skills:
 + Level 2.4 Dodging
 - Level 1.4 Stealth
 + Level 2.9 Spellcasting
 + Level 4.9 Summonings


You had 4 spell levels left.
You knew the following spells:

 Your Spells              Type           Power      Damage    Failure   Level
a - Summon Small Mammal   Summ           72%        N/A       2%          1

Your spell library contained the following spells:

 Spells                   Type           Power      Damage    Failure   Level
 Call Imp                 Summ           18%        N/A       3%          2
 Call Canine Familiar     Summ           18%        N/A       8%          3
 Summon Guardian Golem    Hex/Summ       10%        N/A       21%         3
 Summon Lightning Spire   Summ/Air       10%        N/A       56%         4


Dungeon Overview and Level Annotations

Branches:
Dungeon (1/15) Zot: 560

Altars:


Innate Abilities, Weirdness & Mutations

You passively map a small area around you.
You are easily found by Zot.
You glow in the dark.
You regain HP and MP as you explore.


Message History

Confirm with . or Enter, or press ? or * to list all spells.
Your quokka bites the giant cockroach.
The giant cockroach bites you.
* * * LOW HITPOINT WARNING * * *
You hit the giant cockroach but do no damage.
The giant cockroach is severely wounded.
Your quokka closely misses the giant cockroach.
The giant cockroach closely misses you.
Your quokka bites the giant cockroach.
The giant cockroach dies!
The hobgoblin closely misses your quokka.
Your rat closely misses the kobold.
Your quokka barely misses the hobgoblin.
Something closely misses your rat.
The hobgoblin closely misses your quokka.
You see here a giant cockroach corpse.
Your quokka disappears in a puff of smoke!
Your rat bites the rat but does no damage.
The rat bites your rat.
Your rat dies!
Your rat's corpse disappears in a puff of smoke!
Casting: Summon Small Mammal (safe; 2% risk of failure)
Confirm with . or Enter, or press ? or * to list all spells.
The hobgoblin misses you.
The kobold throws a stone.
The stone barely misses you.
Casting: Summon Small Mammal (safe; 2% risk of failure)
Confirm with . or Enter, or press ? or * to list all spells.
You miscast Summon Small Mammal.
You are very lightly contaminated with residual magic.
Nothing appears to happen.
The hobgoblin closely misses you.
Your rat misses the kobold. You miss the kobold. The hobgoblin hits you.
* * * LOW HITPOINT WARNING * * *
The kobold barely misses you.
Your rat closely misses the kobold.
The rat closely misses your rat.
You hit the kobold but do no damage. The kobold closely misses you.
The hobgoblin barely misses you. The rat bites your rat.
Your rat closely misses the kobold.
You hit the kobold.
The kobold is moderately wounded.
The kobold barely misses you. The hobgoblin hits you.
You die...

.... * .... ** * * ... ,
, , ### * * .!, , , , ,
..####. ###.## * .......
, * #....## .....# *
......############r....#
......#........g@Kr# *,,
........############ *,
* ........## * ,,
.....##..# * ,
#......#..## *****
##.........., ,, ,
###'####+#..# * , , ,
..(......##.# , ,
###<######*.#


You could see a hobgoblin, a kobold (ally target), a rat and a friendly rat
(summoned).

Vanquished Creatures (collateral kills)
  An endoplasm (D:1)
  A giant cockroach (D:1)
2 creatures vanquished.

Notes
Turn   | Place    | Note
-------+----------+-------------------------------------------
     0 | D:1      | hawla the Meteoran Summoner began the quest for the Orb.
     0 | D:1      | Reached XP level 1. HP: 14/14 MP: 5/5
    39 | D:1      | Slain by a hobgoblin

Illustrated notes

Levels and vault maps discovered:
D:1:      minmay_arrival_three_doors, layout_rooms, serial_shops,
          nicolae_shop_trees, minmay_ruptured

Action                   || total
-------------------------++-------
Melee: Unarmed           ||     7
 Cast: Summon Small Mamm ||     4
Armor: Robe              ||     5
Dodge: Dodged            ||     9
